 Dungeon Crawl Stone Soup version 0.26-a0-708-g17f3b190f9 (webtiles) character file.

Game seed: 18252602289593653871

4949 Frask the Severer (level 10, -6/81 HPs)
             Began as a Minotaur Fighter on Oct 28, 2020.
             Was a Priest of Okawaru.
             Mangled by a cane toad (11 damage)
             ... on level 1 of the Lair of Beasts.
             The game lasted 00:30:01 (7782 turns).

Frask the Severer (Minotaur Fighter)                Turns: 7782, Time: 00:30:04

Health: -6/81      AC: 11    Str: 29    XL:     10   Next: 28%
Magic:  9/9        EV: 15    Int:  5    God:    Okawaru [***...]
Gold:   592        SH:  5    Dex: 11    Spells: 9/9 levels left

rFire    . . .     SeeInvis .   B - +3 battleaxe
rCold    + . .     Faith    .   (shield currently unavailable)
rNeg     . . .     Spirit   .   l - +0 acid dragon scales
rPois    .         Reflect  +   (helmet restricted)
rElec    .         Harm     .   u - +0 cloak
rCorr    +         Rampage  .   q - +0 pair of gloves
MR       .....                  (no boots)
Stlth    +.........             z - amulet of reflection
HPRegen  0.23/turn              g - +6 ring of strength
MPRegen  0.11/turn              p - +4 ring of evasion

@: no status effects
A: retaliatory headbutt, horns 2, molten scales 1, blurry vision 1, cold
resistance 1, deterioration 1
a: Heroism, Renounce Religion


You were on level 1 of the Lair of Beasts.
You worshipped Okawaru.
Okawaru was most pleased with you.
You visited 3 branches of the dungeon, and saw 11 of its levels.

You collected 592 gold pieces.

Inventory:

Hand Weapons
 a - a +1 war axe
 k - a +2 mace of protection
 A - a +5 hand axe
 B - a +3 battleaxe (weapon)
Armour
 b - a +1 scale mail
 f - a +0 kite shield
 j - a +1 ring mail of cold resistance
 l - +0 acid dragon scales (worn)
 q - a +0 pair of gloves (worn)
 u - a +0 cloak (worn)
 G - a +1 ring mail of fire resistance
Jewellery
 g - a +6 ring of strength (left hand)
 p - a +4 ring of evasion (right hand)
 v - an uncursed ring of positive energy
 z - an amulet of reflection (around neck)
 K - an uncursed ring of positive energy
Wands
 y - a wand of flame (44)
 E - a wand of iceblast (25)
 F - a wand of digging (3)
 M - a wand of enslavement (4)
 N - a wand of paralysis (7)
 O - a wand of disintegration (15)
Scrolls
 e - 4 scrolls of magic mapping
 h - 6 scrolls of teleportation
 m - 5 scrolls of identify
 o - 2 scrolls of fear
 r - 3 scrolls of enchant weapon
 s - a scroll of fog {unknown}
 t - 2 scrolls of amnesia
 w - 3 scrolls of blinking
 x - 8 scrolls of remove curse
 D - 2 scrolls of acquirement {unknown}
 J - a scroll of vulnerability {unknown}
Potions
 c - a potion of heal wounds
 d - 3 potions of might
 i - a potion of stabbing
 n - 3 potions of lignification
 C - 6 potions of curing
 H - 3 potions of flight {unknown}
 I - a potion of brilliance
 L - a potion of experience {unknown}


   Skills:
 - Level 5.0 Fighting
 + Level 16.1 Axes
 - Level 5.0 Armour
 - Level 5.0 Shields


You had 9 spell levels left.
You didn't know any spells.
Your spell library contained the following spells:

 Spells                   Type           Power        Failure   Level
 Freeze                   Ice            #...         54%         1
 Frozen Ramparts          Ice            #.....       88%         3
 Ignite Poison            Fire/Tmut/Pois #.......     88%         3
 Ozocubu's Armour         Ice            #.......     88%         3
 Hailstorm                Conj/Ice       #.......     99%         4
 Summon Ice Beast         Ice/Summ       #.......     99%         4
 Fireball                 Conj/Fire      #.........   100%        5
 Starburst                Conj/Fire      #.........   100%        6
 Ignition                 Fire           #.........   100%        8


Dungeon Overview and Level Annotations

Branches:
Dungeon (9/15)             Temple (1/1) D:5            Lair (1/6) D:9
    Orc: D:9-12

Altars:
Ashenzari
Cheibriados
Dithmenos
Elyvilon
Fedhas
Gozag
Hepliaklqana
Kikubaaqudgha
Makhleb
Nemelex Xobeh
Okawaru
Qazlal
Ru
Sif Muna
Trog
Uskayaw
Vehumet
Wu Jian
Xom
Yredelemnul
Zin
The Shining One
Lugonu

Annotations:
D:6 2 transporters, Melum's ghost, novice OgWz


Innate Abilities, Weirdness & Mutations

You reflexively headbutt those who attack you in melee.
You have a pair of horns on your head.
You are partially covered in molten scales. (AC +2)
Scrolls take you a little longer to read.
Your flesh is cold resistant. (rC+)
Your body sometimes deteriorates upon taking damage.


Message History

You barely miss the yak. You hit the yak. You slash the yak!
You barely miss the yak. You slice the yak!! You closely miss the yak.
The yak misses you. You furiously retaliate!
You headbutt the yak!!
You kill the yak!
Okawaru accepts your kill.
You feel your intelligence returning.
Your life force feels restored.
Your Axes skill increases to level 16!
You block the yak's attack. The yak gores you but does no damage.
The yak gores you.
* * * LOW HITPOINT WARNING * * *
You block the yak's attack. The basilisk misses you. You furiously retaliate!
You headbutt the basilisk. The yak gores you but does no damage.
You slice the basilisk!!
You kill the basilisk!
Okawaru accepts your kill.
Okawaru will now gift you ammunition as you gain piety.
You slash the yak! You hit the yak but do no damage. You slash the yak!
You closely miss the yak. You slash the yak!
The yak gores you but does no damage. The cane toad stings you!
You die...

#......>.......
####.............
...............#
...............#
....##.P#......##
.....####.......###
....##
#......##.######
....#
#.......†Y......
##..#
#......Y@F......
####
#......YYY......
#...............
#......PP##.....
#.......### .....
##....... ....
#P.......# ...
##......## ...


You could see 5 yaks and a cane toad.

Vanquished Creatures
  Prince Ribbit (D:9)
  3 wraiths (D:8)
  A yak (Lair:1)
  A basilisk (Lair:1)
  A water moccasin (Lair:1)
  An ice beast (D:8)
  3 orc warriors
  A black bear (D:9)
  The ghost of marklar909 the Chopper, an amateur HOMo (D:3)
  2 phantoms
  A centaur (D:8)
  3 ogres
  A necrophage (D:6)
  5 wolves (Lair:1)
  A big kobold (D:8)
  5 bullfrogs
  4 scorpions
  15 wights
  3 killer bees (D:8)
  3 howler monkeys (D:7)
  A bullfrog zombie (D:9)
  4 hounds
  2 centaur skeletons (D:8)
  3 orc priests
  4 human zombies (D:8)
  Terence (D:2)
  6 orc wizards
  4 worker ants
  4 mummies (D:8)
  8 adders
  3 shadow imps
  2 white imps
  An ooze (D:3)
  An adder zombie (D:5)
  6 dart slugs
  5 leopard geckos
  26 orcs
  4 giant cockroaches
  9 goblins
  5 hobgoblins
  4 jackals (D:5)
  3 quokkas
  A ball python (D:1)
  6 bats
  4 frilled lizards
  7 kobolds
  A quokka zombie (D:8)
  9 rats
190 creatures vanquished.

Vanquished Creatures (others)
  2 fungi
  2 plants (D:9)
4 creatures vanquished.

Grand Total: 194 creatures vanquished

Notes
Turn   | Place    | Note
-------+----------+-------------------------------------------
     0 | D:1      | Frask the Minotaur Fighter began the quest for the Orb.
     0 | D:1      | Reached XP level 1. HP: 19/19 MP: 0/0
   221 | D:1      | Reached XP level 2. HP: 27/27 MP: 1/1
   736 | D:1      | Reached XP level 3. HP: 33/33 MP: 2/2
  1555 | D:3      | Noticed Terence
  1565 | D:2      | Killed Terence
  1573 | D:3      | Reached XP level 4. HP: 41/41 MP: 3/3
  1762 | D:3      | Found a runed translucent door.
  1765 | D:3      | Noticed marklar909's ghost (amateur HOMo)
  1776 | D:3      | Reached skill level 5 in Armour
  1777 | D:3      | Reached skill level 5 in Shields
  1812 | D:3      | Reached skill level 5 in Fighting
  1812 | D:3      | Reached XP level 5. HP: 40/48 MP: 4/4
  1948 | D:3      | Found a glowing silver altar of Zin.
  2619 | D:3      | Gained mutation: Your body sometimes deteriorates upon
                  | taking damage. [potion of mutation]
  2619 | D:3      | Gained mutation: Your flesh is cold resistant. (rC+)
                  | [potion of mutation]
  2619 | D:3      | Gained mutation: Scrolls take you a little longer to read.
                  | [potion of mutation]
  2619 | D:3      | Gained mutation: You are partially covered in molten
                  | scales. (AC +2) [potion of mutation]
  2626 | D:3      | Killed marklar909's ghost
  2626 | D:3      | Reached skill level 4 in Axes
  2678 | D:4      | Reached skill level 5 in Axes
  2678 | D:4      | Reached XP level 6. HP: 52/56 MP: 5/5
  2725 | D:4      | Found a broken altar of Ashenzari.
  2982 | D:4      | Reached skill level 6 in Axes
  3207 | D:4      | Found a bloodstained altar of Trog.
  3340 | D:5      | Entered Level 5 of the Dungeon
  3625 | D:5      | Found a radiant altar of Vehumet.
  3627 | D:5      | Found a sparkling altar of Nemelex Xobeh.
  3665 | D:5      | Found a shimmering altar of Xom.
  3711 | D:5      | Found a sacrificial altar of Ru.
  3712 | D:5      | Found a shadowy altar of Dithmenos.
  3789 | D:5      | Found a staircase to the Ecumenical Temple.
  3803 | Temple   | Entered the Ecumenical Temple
  3859 | D:5      | Reached skill level 7 in Axes
  3859 | D:5      | Reached XP level 7. HP: 61/61 MP: 6/6
  4211 | D:6      | Reached skill level 8 in Axes
  4262 | D:6      | Reached skill level 9 in Axes
  4516 | D:6      | Found a transporter.
  4516 | D:6      | Noticed Melum's ghost (novice OgWz)
  4517 | D:6      | Found a transporter.
  4517 | D:6      | Identified the cursed +3 dire flail "Toch" {protect, Int+2}
  4517 | D:6      | Noticed a two-headed ogre
  4859 | D:7      | Reached XP level 8. HP: 68/68 MP: 7/7
  4869 | D:7      | Reached skill level 10 in Axes
  5109 | D:7      | Reached skill level 11 in Axes
  5191 | D:7      | Found an iron altar of Okawaru.
  5196 | D:7      | Became a worshipper of Warmaster Okawaru
  5372 | D:8      | Reached skill level 12 in Axes
  5534 | D:8      | Reached XP level 9. HP: 28/74 MP: 8/8
  5536 | D:8      | Reached * piety under Okawaru
  5865 | D:8      | Found an ancient bone altar of Kikubaaqudgha.
  5870 | D:8      | Reached skill level 13 in Axes
  6091 | D:8      | Found a snail-covered altar of Cheibriados.
  6189 | D:8      | Found a basalt altar of Yredelemnul.
  6208 | D:8      | Reached skill level 14 in Axes
  6410 | D:8      | Reached ** piety under Okawaru
  6482 | D:9      | Reached skill level 15 in Axes
  6745 | D:9      | Found a blossoming altar of Fedhas.
  6754 | D:9      | Found a stormy altar of Qazlal.
  6785 | D:9      | Noticed Prince Ribbit
  6808 | D:9      | Killed Prince Ribbit
  6955 | D:9      | Reached XP level 10. HP: 71/81 MP: 9/9
  7403 | D:9      | Found a staircase to the Lair.
  7625 | Lair:1   | Entered Level 1 of the Lair of Beasts
  7769 | Lair:1   | Noticed a cane toad
  7781 | Lair:1   | Reached skill level 16 in Axes
  7782 | Lair:1   | Reached *** piety under Okawaru
  7782 | Lair:1   | Mangled by a cane toad

Illustrated notes

Levels and vault maps discovered:
D:1:      minmay_arrival_four_houses, layout_basic, minmay_cupped
D:2:      layout_rooms
D:3:      layout_basic, old_standard_altar, ebering_ghost_reflecting_pool,
          uniq_terence
D:4:      layout_loops_cross, cheibrodos_ashenzari_chains,
          lightli_temple_of_fire
D:5:      layout_loops_cross, nicolae_overflow_hidden_temple,
          minmay_temple_entry_arrows, bh_walls_and_bars
D:6:      layout_rooms, gammafunk_ghost_smash
D:7:      layout_loops_ring, lemuel_crystal_altar
D:8:      layout_rooms, lemuel_mausoleum_altar_yredelemnul, slow_altar_2,
          lemuel_round_altar, glass_columns_b
D:9:      layout_stronghold, grunt_temple_overflow_forces_of_nature,
          grunt_lair_entry_orc_guard_hut, minmay_misc_feat_encased,
          minivault_16, small_statue_intersection, uniq_prince_ribbit1
Temple:   corrupted_temple
Lair:1:   layout_cellular_growth

Skill      XL: |  1  2  3  4  5  6  7  8  9 10 |
---------------+-------------------------------+-----
Armour         | 4 5 |  5.0
Fighting       | 4 5 |  5.0
Shields        | 4 5 |  5.0
Axes           | 5 7 9 12 15 16 | 16.1

Action                   |  1- 3 |  4- 6 |  7- 9 | 10-12 || total
-------------------------+-------+-------+-------+-------++-------
Melee: War axe           |    76 |   106 |    47 |       ||   229
       Headbutt          |    12 |    17 |    43 |     6 ||    78
       Battleaxe         |       |       |   155 |    37 ||   192
  Use: Scroll            |     2 |    13 |     1 |       ||    16
       Potion            |     1 |     8 |       |       ||     9
 Stab: Sleeping          |       |     1 |       |       ||     1
Armor: Scale mail        |    44 |    34 |       |       ||    78
       Ring mail         |       |    17 |       |       ||    17
       Acid dragon scale |       |       |    40 |    33 ||    73
Dodge: Dodged            |    25 |    24 |   107 |    25 ||   181
Block: Kite shield       |    56 |    69 |    36 |       ||   161
       Other             |       |       |    29 |    11 ||    40
       Reflection        |       |       |     2 |       ||     2

Table legend: (Time is in decaauts)
 A = Elapsed time spent in this place.
 B = Non-inter-level travel time spent in this place.
 C = Inter-level travel time spent in this place.
 D = Time resting spent in this place.
 E = Time spent auto-exploring this place.
 F = Levels seen in this place.
 G = Mean time per level.
                   A        B        C        D        E       F      G
               +--------+--------+--------+--------+--------+-----+--------+
         Total |   7867 |   7580 |    287 |     96 |   6126 |  11 |  715.2 |
       Dungeon |   7668 |   7394 |    274 |     96 |   5998 |   9 |  852.0 |
        Temple |     42 |     30 |     12 |      0 |     28 |   1 |   42.0 |
          Lair |    156 |    156 |      0 |      0 |    100 |   1 |  156.0 |
               +--------+--------+--------+--------+--------+-----+--------+

Top non-repeatable levels by time:
     D:9: 1155 daAuts
     D:3: 1127 daAuts
     D:1: 1124 daAuts
     D:8: 1113 daAuts
     D:5: 796 daAuts
     D:7: 693 daAuts
     D:4: 678 daAuts
     D:6: 502 daAuts
     D:2: 476 daAuts
  Lair:1: 156 daAuts
  Temple: 42 daAuts
